Map: Tourmaline LE

Players

TenOfSwords - Winner!

  • Race: Protoss Protoss
  • League: Diamond
  • Spawn Location: 7:00

Insane

  • Race: Zerg Zerg
  • League: Diamond
  • Spawn Location: 1:00

VOD

Have the link to the VOD?

Description

Time

  • Played on: Dec. 24, 2025, 3:52 p.m.
  • Length: 5:44
Show
View Real Time Build Order
Export as new Build Order

TenOfSwords Protoss - Winner!

Build Orders: Nexus First 

Get SALT Encoding   

  12  0:00  Probe  
  13  0:12  Probe  
  14  0:19  Pylon  
  14  0:24  Probe  
  15  0:34  Probe  
  15  0:42  Probe  
  17  1:02  Nexus  
  17  1:11  Gateway  
  17  1:13  Probe  
  18  1:20  Assimilator  
  18  1:23  Probe  
  18  1:28  Assimilator  
  18  1:31  Probe  
  20  1:40  Gateway, Probe  
  21  1:52  Probe  
  22  1:59  Cybernetics Core  
  22  2:05  Probe  
  22  2:06  Pylon  
  23  2:13  Probe  
  24  2:17  Probe  
  25  2:25  Probe  
  25  2:26  Adept x2  
  25  2:29  Probe  
  31  2:37  Warp Gate  
  31  2:38  Probe  
  31  2:41  Probe  
  33  2:45  Twilight Council  
  33  2:50  Probe  
  34  2:53  Probe  
  35  3:00  Adept x2  
  39  3:05  Probe  
  39  3:06  Probe  
  41  3:18  Probe x2  
  43  3:30  Probe x2  
  43  3:31  Charge  
  45  3:39  Nexus  
  45  3:42  Probe, Pylon  
  45  3:46  Pylon  
  46  3:57  Gateway  
  46  3:58  Gateway  
  46  4:00  Probe x2  
  48  4:06  Shield Battery  
  48  4:12  Probe x2  
  48  4:16  Pylon  
  50  4:17  Gateway  
  50  4:24  Probe x2  
  50  4:26  Zealot  
  54  4:36  Probe x2  
  56  4:40  Gateway  
  56  4:43  Pylon  
  56  4:46  Pylon  
  56  4:48  Probe  
  56  4:49  Probe  
  56  4:50  Pylon  
  56  4:52  Zealot x3  
  64  4:54  Zealot  
  66  5:01  Probe x2  
  66  5:04  Pylon  
  68  5:09  Pylon  
  68  5:13  Zealot x2  
  72  5:14  Zealot  
  72  5:17  Zealot x2  
  78  5:30  Robotics Facility, Forge  
  78  5:33  Zealot x2  
  78  5:34  Zealot x2  
  86  5:37  Zealot x2  
Show
View Real Time Build Order
Export as new Build Order

Insane Zerg 

Build Orders: Hatch First 

Get SALT Encoding   

  12  0:00  Drone  
  13  0:10  Drone  
  14  0:14  Extractor  
  14  0:15  Drone  
  15  0:21  Overlord  
  15  0:41  Drone  
  16  0:47  Hatchery  
  15  0:52  Drone  
  15  0:56  Drone  
  18  0:57  Drone  
  18  1:10  Extractor  
  17  1:12  Spawning Pool  
  16  1:20  Drone  
  16  1:21  Drone  
  18  1:30  Drone  
  19  1:40  Drone  
  20  1:49  Drone  
  21  1:59  Queen x2  
  21  2:00  Zergling x2  
  26  2:01  Overlord  
  26  2:09  Drone  
  26  2:10  Drone  
  28  2:24  Drone x2, Metabolic Boost  
  30  2:35  Queen  
  32  2:47  Overlord, Hatchery  
  32  2:49  Drone x2  
  32  2:51  Drone  
  34  3:00  Zergling x4  
  36  3:06  Overlord  
  36  3:09  Zergling x2  
  37  3:13  Drone x3  
  37  3:14  Drone x3  
  42  3:27  Zergling x6  
  43  3:40  Drone x3  
  46  3:49  Roach Warren  
  46  3:50  Drone, Spore Crawler  
  46  3:53  Drone x3  
  48  3:56  Drone x2, Extractor  
  49  4:11  Drone x3  
  51  4:19  Drone x6  
  51  4:21  Overlord  
  57  4:39  Drone  
  57  4:43  Lair, Evolution Chamber  
  57  4:45  Drone x8  
  65  5:07  Extractor  
  65  5:08  Queen, Spore Crawler  
  65  5:10  Drone, Extractor  
  65  5:11  Overlord x5  
  65  5:12  Overlord  
  65  5:24  Overlord x2  
Tags
 
Add a new tag
Caveats
  • Supply blocks, unpowered buildings, or Contaminate may cause inaccurate times.
  • Supply counts are checked every 10 seconds.